 Dungeon Crawl Stone Soup version 0.15-a0-2075-ga361405 (webtiles) character file.

811 N00bl0rd the Cudgeler (level 7, -3/75 HPs)
             Began as an Ogre Fighter on July 14, 2014.
             Killed from afar by an orc wizard (7 damage)
             ... with a puff of flame
             ... on Level 5 of the Dungeon.
             The game lasted 00:09:16 (3661 turns).

N00bl0rd the Cudgeler (Ogre Fighter)                Turns: 3661, Time: 00:09:17

HP  -3/75        AC  3     Str 24      XL: 7   Next: 93%
MP   7/7         EV  9     Int  7      God:
Gold 204         SH 10     Dex  9      Spells:  0 memorised,  6 levels left

rFire  . . .     SeeInvis .     q - +3 flail (holy)
rCold  . . .     Clarity  .     b - +0 robe
rNeg   . . .     rCorr    .     c - +1 shield
rPois  .         rRot     .     (helmet restricted)
rElec  .         Spirit   .     (no cloak)
SustAb +         Warding  .     (gloves unavailable)
rMut   .         Stasis   .     (boots unavailable)
Gourm  .                        (no amulet)
MR     .....                    t - ring of sustain abilities
                                (no ring)

@: not resistant to hostile enchantments, very unstealthy
A: unfitting armour, tough skin 1
a: no special abilities


You were on level 5 of the Dungeon.
You were not hungry.

You visited 1 branch of the dungeon, and saw 5 of its levels.

You collected 204 gold pieces.

Inventory:

Hand weapons
 q - a +3 flail of holy wrath (weapon)
 u - a +0 giant club
Armour
 b - a +0 robe (worn)
 c - a +1 shield (worn)
Comestibles
 a - a chunk of adder flesh
 d - 3 meat rations
 f - 3 chunks of human flesh
 o - 3 bread rations
 r - a beef jerky
Scrolls
 h - 4 scrolls of identify
 k - 2 scrolls of teleportation
 n - a scroll of recharging
Jewellery
 t - a ring of sustain abilities (right hand)
Potions
 e - a potion of might
 i - a potion of restore abilities
 m - a potion of curing
 s - a potion of brilliance


   Skills:
 + Level 6.1 Fighting
 * Level 7.3 Maces & Flails
 + Level 1.7 Armour
 * Level 4.3 Dodging
 + Level 4.2 Shields


You had 6 spell levels left.
You didn't know any spells.

Dungeon Overview and Level Annotations

Branches:
Dungeon (5/15)
 Temple: D:4-7

Altars:
Nemelex Xobeh
Okawaru
Sif Muna
Vehumet


Innate Abilities, Weirdness & Mutations

You are too large for most types of armour.
You have tough skin (AC +1).


Message History

You block the orc's attack. The orc closely misses you.
You sock the orc priest!
The orc priest is almost dead.
The orc priest invokes the aid of Beogh against you.
You struggle to resist.
The orc hits you with a trident.
* * * LOW HITPOINT WARNING * * *
You thump the orc priest!
You kill the orc priest!
Something hits you.
* * * LOW HITPOINT WARNING * * *
You block the orc's attack. x2
You completely miss the orc.
You hear some strange, mumbled words.
The magic dart hits you!
* * * LOW HITPOINT WARNING * * *
You block the orc's attack. The orc hits you with a trident.
* * * LOW HITPOINT WARNING * * *
You hear some strange, mumbled words.
The puff of flame hits you!
You die...

... #..........)..
... #...........##
... #.............
#.# ####.........#
#.# ##...)..<## #.#
#####.......#
##.###.............
#)[....####.....###
#o@o#### #.....#
#...# ####### #...#
#####


You could see 2 orcs.

Vanquished Creatures
  The ghost of N00bl0rd the Cudgeler, an average OgFi (D:4)
  An ogre (D:3)
  Sigmund (D:5)
  2 orc wizards (D:4)
  2 orc priests
  8 gnolls
  9 adders
  A giant mite (D:3)
  2 worms (D:2)
  13 orcs
  A ball python (D:4)
  2 giant cockroaches
  A gnoll zombie (D:5)
  12 goblins
  7 hobgoblins
  8 kobolds
  5 quokkas
  8 bats
  3 giant geckos
  2 giant newts (D:1)
  18 rats
107 creatures vanquished.

Notes
Turn   | Place    | Note
--------------------------------------------------------------
     0 | D:1      | N00bl0rd, the Ogre Fighter, began the quest for the Orb.
     0 | D:1      | Reached XP level 1. HP: 24/24 MP: 1/1
   140 | D:1      | Reached XP level 2. HP: 20/32 MP: 2/2
   404 | D:2      | Reached XP level 3. HP: 31/40 MP: 3/3
   516 | D:2      | Found an iron altar of Okawaru.
   828 | D:2      | Reached XP level 4. HP: 45/49 MP: 4/4
   999 | D:2      | Found a deep blue altar of Sif Muna.
   999 | D:2      | Found a sparkling altar of Nemelex Xobeh.
  1000 | D:2      | Found a radiant altar of Vehumet.
  1215 | D:3      | Reached skill level 5 in Maces & Flails
  1302 | D:3      | Reached XP level 5. HP: 46/55 MP: 5/5
  1550 | D:3      | Reached skill level 5 in Fighting
  1929 | D:4      | Reached XP level 6. HP: 27/66 MP: 6/6
  2769 | D:4      | Noticed an ogre
  2822 | D:3      | Killed an ogre
  2822 | D:3      | Reached skill level 6 in Maces & Flails
  2822 | D:3      | Reached skill level 1 in Armour
  3089 | D:4      | Reached XP level 7. HP: 31/72 MP: 7/7
  3314 | D:4      | Got a brightly glowing leather armour
  3315 | D:4      | Identified the cursed -3 leather armour "Xeudyotuywn" {rC++ Curse} (You found it on level 4 of the Dungeon)
  3422 | D:4      | Noticed N00bl0rd's ghost (average OgFi)
  3439 | D:4      | Killed N00bl0rd's ghost
  3585 | D:5      | Entered Level 5 of the Dungeon
  3585 | D:5      | Noticed Sigmund
  3617 | D:5      | Killed Sigmund
  3617 | D:5      | Reached skill level 7 in Maces & Flails
  3661 | D:5      | Killed from afar by an orc wizard

Action                   |  1- 3 |  4- 6 |  7- 9 || total
-------------------------+-------+-------+-------++-------
Melee: Flail             |   107 |   191 |    42 ||   340
  Use: Potion            |       |     3 |       ||     3
       Scroll            |       |       |     9 ||     9
  Eat: Chunk             |       |     7 |     2 ||     9
